 Dungeon Crawl Stone Soup version 0.27.1-34-g3ba077fa99 (webtiles) character file.

Game seed: 1520157792788278507

147 cbfl8 the Chopper (level 5, -3/44 HPs)
             Began as a Minotaur Gladiator on Jan 14, 2022.
             Slain by Grinder (6 damage)
             ... on level 3 of the Dungeon.
             The game lasted 00:04:39 (2674 turns).

cbfl8 the Chopper (Minotaur Gladiator)              Turns: 2674, Time: 00:04:40

Health: -3/44      AC:  6    Str: 19    XL:     5   Next: 8%
Magic:  4/4        EV: 11    Int:  6    God:
Gold:   69         SH:  0    Dex: 11    Spells: 4/4 levels left

rFire    . . .     SeeInvis .   l - +0 long sword (drain)
rCold    . . .     Faith    .   (no shield)
rNeg     . . .     Spirit   .   m - +0 scale mail
rPois    .         Reflect  .   c - +0 hat
rElec    .         Harm     .   (no cloak)
rCorr    .         Rampage  .   (no gloves)
Will     .....                  (no boots)
Stlth    ..........             (no amulet)
HPRegen  0.14/turn              (no ring)
MPRegen  0.09/turn              (no ring)

@: no status effects
A: horns 2, retaliatory headbutt
a: no special abilities


You were on level 3 of the Dungeon.
You visited 1 branch of the dungeon, and saw 3 of its levels.

You collected 69 gold pieces.

Inventory:

Hand Weapons
 a - a +0 war axe
 e - a +0 spear
 f - a +0 short sword
 l - a +0 long sword of draining (weapon)
Missiles
 d - 3 throwing nets (quivered)
Armour
 b - a +0 leather armour
 c - a +0 hat (worn)
 m - a +0 scale mail (worn)
Scrolls
 h - 2 scrolls of vulnerability {unknown}
 i - a scroll of amnesia {unknown}
 j - a scroll of identify {unknown}
 k - 2 scrolls of teleportation {unknown}
 n - a scroll of fear {unknown}
 p - a scroll of brand weapon {unknown}
 q - a scroll of enchant armour {unknown}
Potions
 g - a potion of curing {unknown}
 o - a potion of flight {unknown}


   Skills:
 + Level 2.9 Fighting
 + Level 1.5 Long Blades
 + Level 5.2 Axes
 + Level 2.0 Throwing
 + Level 2.5 Armour
 + Level 4.0 Dodging


You had 4 spell levels left.
You didn't know any spells.
Your spell library was empty.

Dungeon Overview and Level Annotations

Branches:
Dungeon (3/15)

Altars:

Annotations:
D:3 Grinder


Innate Abilities, Weirdness & Mutations

You have a pair of horns on your head.
You reflexively headbutt those who attack you in melee.


Message History

You see here a ball python corpse.
Grinder comes into view.
Grinder gestures at you. Pain shoots through your body!
Grinder hits you but does no damage. Grinder barely misses you.
You riposte.
You completely miss Grinder. You barely miss Grinder.
Grinder closely misses you. You furiously retaliate!
You headbutt Grinder. You closely miss Grinder.
You headbutt Grinder, but do no damage.
Grinder is lightly wounded.
Grinder barely misses you. You furiously retaliate!
You headbutt Grinder!
You riposte.
You slash Grinder!
Grinder is heavily wounded.
You barely miss Grinder.
Grinder is heavily wounded.
Grinder blinks!
You see here a scroll labelled LOUTEYN WAOC.
Grinder is nearby!
Grinder is nearby!
Grinder blinks!
Grinder gestures at you.
You suddenly lose the ability to move!
Grinder gestures at you.
You shrug off the repeated paralysis!
You can move again.
You see here a scroll labelled LOUTEYN WAOC.
q - a scroll labelled LOUTEYN WAOC Grinder closely misses you.
Grinder hits you!
You writhe in agony.
You slash Grinder!
Grinder is severely wounded.
Grinder blinks!
Grinder says, "You look like you could use a good racking."
Grinder gestures at you. Pain shoots through your body!
* * * LOW HITPOINT WARNING * * *
Grinder hits you.
* * * LOW HITPOINT WARNING * * *
You writhe in agony.
You die...

##### #... ..#
##.##########.#
#....@5†...##.#
#..#######.##.#
####..........##.#
#.#............#.#
#.############.#.#
#.............<..#
#.############.#.#
#...........##.#.#
###########.##.#.###


You could see Grinder.

Vanquished Creatures
  A bullfrog zombie (D:3)
  An orc priest (D:3)
  An adder (D:3)
  A worm (D:3)
  A dart slug (D:1)
  6 orcs (D:3)
  7 ball pythons
  3 bats
  8 endoplasms
  4 giant cockroaches
  3 hobgoblins
  3 jackals (D:1)
  3 quokkas
  A frilled lizard (D:3)
  6 goblins
  8 kobolds
  7 rats
64 creatures vanquished.

Notes
Turn   | Place    | Note
-------+----------+-------------------------------------------
     0 | D:1      | cbfl8 the Minotaur Gladiator began the quest for the Orb.
     0 | D:1      | Reached XP level 1. HP: 18/18 MP: 0/0
    77 | D:1      | Reached skill level 4 in Axes
   102 | D:1      | Reached XP level 2. HP: 14/25 MP: 1/1
   493 | D:1      | Reached XP level 3. HP: 21/30 MP: 2/2
  1003 | D:2      | Reached skill level 1 in Armour
  1846 | D:3      | Reached XP level 4. HP: 34/37 MP: 3/3
  2271 | D:3      | Reached skill level 1 in Long Blades
  2566 | D:3      | Reached skill level 5 in Axes
  2566 | D:3      | Reached XP level 5. HP: 40/44 MP: 4/4
  2651 | D:3      | Noticed Grinder
  2661 | D:3      | Paralysed by Grinder for 6 turns
  2674 | D:3      | Slain by Grinder

Illustrated notes

Levels and vault maps discovered:
D:1:      psy_arrival_radial02, layout_rooms, minmay_tripent
D:2:      layout_loops_ring, wad_woods_river_04
D:3:      layout_basic, uniq_grinder

Skill      XL: |  1  2  3  4 |
---------------+-------------+-----
Axes           | 4 5 |  5.2
Armour         | 1 2 |  2.5
Long Blades    | 1 |  1.5
Dodging        | 4 |  4.0
Fighting       | |  2.9
Throwing       | |  2.0

Action                   |  1- 3 |  4- 6 || total
-------------------------+-------+-------++-------
Melee: War axe           |    32 |       ||    32
       Headbutt          |    13 |     5 ||    18
       Long sword        |    39 |    30 ||    69
Armor: Leather armour    |    11 |       ||    11
       Scale mail        |    15 |    19 ||    34
Dodge: Dodged            |    72 |    24 ||    96
       Rpst.: Long sword |     2 |     8 ||    10
